 Dungeon Crawl Stone Soup version 0.32-a0-42-ga30500b4d3 (webtiles) character file.

Game seed: 8066040199883736662

937 seren the Vexing (level 8, 0/60 HPs)
             Began as a Formicid Hexslinger on Feb 2, 2024.
             Was an Initiate of Qazlal.
             Slain by a sixfirhy (9 damage)
             ... summoned by a kobold demonologist
             ... on level 5 of the Dungeon.
             The game lasted 00:14:42 (4254 turns).

seren the Vexing (Formicid Hexslinger)              Turns: 4254, Time: 00:14:42

Health: 0/60       AC:  3    Str: 13    XL:     8   Next: 34%
Magic:  13/13      EV: 18    Int: 15    God:    Qazlal [......]
Gold:   277        SH:  0    Dex: 16    Spells: 7/13 levels left

rFire   . . .        a - +1 sling (drain)
rCold   . . .        (no shield)
rNeg    . . .        s - +0 leather armour
rPois   .            (helmet unavailable)
rElec   .            l - scarf {repulsion}
rCorr   .            (no gloves)
SInv    +            (no boots)
Will    .....        u - amulet of the acrobat
Stlth   +            m - +5 ring of evasion
HPRegen 0.30/turn    (no ring)
MPRegen 0.13/turn

%: repel missiles, acrobat
@: studying Armour, invisible
A: permanent stasis, dig shafts and tunnels, antennae 3, four strong arms
a: Dig, Shaft Self, Renounce Religion


You were on level 5 of the Dungeon.
You worshipped Qazlal.
Qazlal was noncommittal.
You visited 1 branch of the dungeon, and saw 5 of its levels.

You collected 277 gold pieces.

Inventory:

Hand Weapons
 a - a +1 sling of draining (weapon)
 b - a +2 dagger of speed
 p - a +0 whip
Missiles
 g - 3 poisoned darts
 x - 2 throwing nets {!f}
Armour
 c - a +0 robe
 l - a scarf of repulsion (worn)
 s - a +0 leather armour (worn)
 w - a +0 tower shield
Jewellery
 m - a +5 ring of evasion (left hand)
 u - an amulet of the acrobat (around neck)
 z - an amulet of magic regeneration
Wands
 n - a wand of roots (8)
 q - a wand of digging (4)
Scrolls
 e - 3 scrolls of fog
 f - a scroll of vulnerability
 k - 2 scrolls of amnesia
 o - 2 scrolls of fear
 r - a scroll of blinking {unknown}
 t - a scroll of poison
 y - a scroll of enchant weapon {unknown}
Potions
 d - a potion of lignification
 h - a potion of attraction
 j - 2 potions of cancellation
 v - a potion of magic {unknown}


   Skills:
 + Level 3.8 Fighting
 * Level 5.0 Ranged Weapons
 * Level 0.4 Armour
 + Level 3.6 Dodging
 + Level 3.3 Spellcasting
 + Level 5.3 Hexes
 + Level 3.3 Fire Magic


You had 7 spell levels left.
You knew the following spells:

 Your Spells              Type           Power      Damage    Failure   Level
a - Jinxbite              Hex            36%        N/A       4%          2
b - Inner Flame           Hex/Fire       15%        N/A       12%         3
s - Slow                  Hex            72%        N/A       2%          1

Your spell library contained the following spells:

 Spells                   Type           Power      Damage    Failure   Level
 Sigil of Binding         Hex            18%        N/A       9%          3
 Foxfire                  Conj/Fire      28%        2x1d5     12%         1
 Cause Fear               Hex            9%         N/A       26%         4
 Cigotuvi's Dreadful Rot  Necr/Alch/Air  4%         N/A       36%         2
 Call Canine Familiar     Summ           2%         N/A       58%         3
 Dimensional Bullseye     Hex/Tloc       5%         N/A       63%         4
 Ignite Poison            Fire/Alch      7%         N/A       77%         4
 Yara's Violent Unravell  Hex/Alch       5%         3d4       92%         5
 Freezing Cloud           Conj/Ice/Air   1%         6-21      100%        5
 Plasma Beam              Fire/Air       3%         2x1d13    100%        6
 Starburst                Conj/Fire      3%         6d3       100%        6
 Enfeeble                 Hex            9%         N/A       100%        7


Dungeon Overview and Level Annotations

Branches:
Dungeon (5/15)
 Temple: D:4-7

Altars:
Dithmenos
Fedhas
Qazlal

Annotations:
D:1 vault need dig
D:3 1 runed translucent door, exclusion: downstairs, Crazy Yiuf, Sigmund
D:4 3 runed translucent doors, exclusion: downstairs, ZZKoverts's ghost, weakling TeFi


Innate Abilities, Weirdness & Mutations

You cannot be hasted, slowed, berserked, paralysed or teleported.
You can dig through walls and to a lower floor.
You have a pair of large antennae on your head. (SInv)
Your four strong arms can wield two-handed weapons with a shield.


Message History

You drain the kobold demonologist.
The kobold demonologist is severely wounded.
The sixfirhy hits you! The sixfirhy shocks you!
* * * LOW HITPOINT WARNING * * *
The crimson imp blinks!
The sixfirhy hits you but does no damage.
You shoot a sling bullet.
The sling bullet completely misses the sixfirhy.
The sling bullet hits the kobold demonologist.
The kobold demonologist is almost dead.
The sixfirhy hits you!
* * * LOW HITPOINT WARNING * * *
The sixfirhy shocks you!
* * * LOW HITPOINT WARNING * * *
The sixfirhy barely misses you. The sixfirhy closely misses you.
The sixfirhy barely misses you.
You are too injured to fight recklessly!
You fade into invisibility!
The kobold demonologist begins to cast a cantrip, but forgets the words!
The sixfirhy completely misses you. The crimson imp misses you.
The iron imp laughs crazily.
The sixfirhy completely misses you.
Fire: a) +1 sling (drain)
Press: ? - help, Q - select action, (/) - cycle Shift-Dir - straight line, f - crimson imp, p - sixfirhy
Aim: a crimson imp (summoned, unable to see you, 48% to hit)
You shoot a sling bullet. The sling bullet hits the crimson imp.
The crimson imp is heavily wounded.
The sixfirhy closely misses you. The sixfirhy completely misses you.
The sixfirhy closely misses you.
The crimson imp blinks!
The sixfirhy misses you.
The crimson imp disappears in a puff of smoke!
The sixfirhy completely misses you. The sixfirhy barely misses you.
The sixfirhy misses you. The sixfirhy barely misses you.
The sixfirhy misses you.
There is a stone staircase leading up here.
The sixfirhy hits you!
* * * LOW HITPOINT WARNING * * *
The sixfirhy shocks you!
You die...

#.# #.#..#.......# #.#..#### #.#
#.#5##.......######.#...... #+###
#.#5##.......#............. ....#
#.#.##.......#.#######.>[.. ....#
#.#.##.......#.##...##..... ....#
#.#..{.###'###.##...##.....
..[.###.####.# #.# #.##...###....
.....##.####K###.# #.##...# #....
...............3@###.##..)###....
.....##.####..........'.....)....
.....##.# ############...###)...
.....##.#### #...# #....
#######.##<# #...# ##### #.##.#
#...# #.##.# ##### #.##.# #.##.#


You could see a kobold demonologist (unable to see you, very drained) and a
sixfirhy (summoned, unable to see you).

Vanquished Creatures
  Menkaure (D:4)
  2 ogres
  3 scorpions (D:5)
  A howler monkey (D:4)
  3 hounds
  3 jellies
  Jessica (D:3)
  Natasha (D:2)
  An orc wizard (D:5)
  3 gnolls (D:5)
  6 adders
  2 ribbon worms
  3 dart slugs
  An orc (D:4)
  10 ball pythons
  10 endoplasms
  2 giant cockroaches
  12 goblins
  6 hobgoblins
  6 jackals
  A quokka (D:1)
  8 bats
  3 frilled lizards
  5 kobolds
  4 rats
98 creatures vanquished.

Notes
Turn   | Place    | Note
-------+----------+-------------------------------------------
     0 | D:1      | seren the Formicid Hexslinger began the quest for the Orb.
     0 | D:1      | Reached XP level 1. HP: 15/15 MP: 2/2
    72 | D:1      | Reached XP level 2. HP: 21/21 MP: 3/3
   446 | D:1      | Reached XP level 3. HP: 26/26 MP: 5/5
  1004 | D:2      | Learned a level 2 spell: Jinxbite
  1014 | D:2      | Learned a level 3 spell: Inner Flame
  1042 | D:2      | Reached XP level 4. HP: 25/33 MP: 6/6
  1106 | D:2      | Found a faded altar of an unknown god.
  1114 | D:2      | Got Plato's Disquisition on Charms
  1159 | D:2      | Learned a level 1 spell: Slow
  1538 | D:2      | Noticed Natasha
  1543 | D:2      | Killed Natasha
  1544 | D:2      | Reached XP level 5. HP: 23/38 MP: 7/7
  1761 | D:3      | Found a shadowy altar of Dithmenos.
  2160 | D:3      | Found a runed translucent door.
  2161 | D:3      | Noticed Crazy Yiuf
  2217 | D:3      | Noticed Sigmund
  2222 | D:3      | You fall into a shaft and drop 2 floors!
  2222 | D:5      | Entered Level 5 of the Dungeon
  2302 | D:3      | Noticed Jessica
  2305 | D:3      | Killed Jessica
  2594 | D:4      | Reached XP level 6. HP: 45/45 MP: 9/9
  2859 | D:4      | Noticed Menkaure
  3013 | D:4      | Found a blossoming altar of Fedhas.
  3042 | D:4      | Noticed an ogre
  3132 | D:4      | Found a runed translucent gate.
  3132 | D:4      | Found a runed translucent gate.
  3132 | D:4      | Found a runed translucent gate.
  3134 | D:4      | Noticed ZZKoverts's ghost (weakling TeFi)
  3178 | D:5      | Reached XP level 7. HP: 51/51 MP: 10/10
  3272 | D:5      | Found a stormy altar of Qazlal.
  3303 | D:5      | Became a worshipper of Qazlal Stormbringer
  3444 | D:5      | Reached skill level 5 in Hexes
  3535 | D:5      | Noticed a kobold demonologist
  3537 | D:5      | Noticed a soul eater
  3570 | D:5      | Noticed a hellwing
  3712 | D:4      | Reached XP level 8. HP: 41/58 MP: 12/12
  3884 | D:4      | Killed Menkaure
  4148 | D:5      | Reached skill level 5 in Ranged Weapons
  4239 | D:5      | Noticed a sixfirhy
  4254 | D:5      | Slain by a sixfirhy

Illustrated notes

Levels and vault maps discovered:
D:1:      erik_arrival_triangle_small, layout_loops_corners, serial_glass,
          glass_columns_a, glass_columns_a, feat_on_display,
          due_unseen_surprise, minmay_strange_pillars, minmay_strange_pillars,
          serial_park_tiny_1, nicolae_kite_square_tiling_tiny,
          hangedman_abyss_or_decor_stabs
D:2:      layout_loops_ring, shapermc_ecumenical_altar_rom_forum,
          minmay_small_reverse_x, uniq_natasha
D:3:      layout_basic, grunt_dithmenos_smoke_and_mirrors, kennysheep_path_1,
          uniq_jessica, uniq_crazy_yiuf_cottage, uniq_sigmund
D:4:      layout_loops_ring, mainiacjoe_overflow_chevrons,
          ebering_ghost_rock_garden, minmay_ogre_servants, uniq_menkaure
D:5:      layout_basic, mainiacjoe_overflow_alcove_1, minmay_manual_mess

Skill      XL: |  1  2  3  4  5  6  7  8 |
---------------+-------------------------+-----
Dodging        | 2 3 |  3.6
Hexes          | 4 5 |  5.3
Fighting       | 2 3 |  3.8
Spellcasting   | 2 3 |  3.3
Fire Magic     | 2 3 |  3.3
Ranged Weapons | 3 4 5 |  5.0
Armour         | |  0.4

Action                     |  1- 3 |  4- 6 |  7- 9 || total
---------------------------+-------+-------+-------++-------
   Fire: Sling             |    82 |   150 |   100 ||   332
   Cast: Slow              |       |    12 |     5 ||    17
         Jinxbite          |       |     1 |       ||     1
         Inner Flame       |       |       |     4 ||     4
Ability: Dig               |     1 |     1 |       ||     2
         Shaft Self        |       |     1 |       ||     1
    Use: Scroll            |       |    11 |     1 ||    12
         Potion            |       |       |     1 ||     1
 Armour: Robe              |    10 |    22 |       ||    32
         Leather armour    |       |    12 |    27 ||    39
  Dodge: Dodged            |    24 |    49 |    85 ||   158
         Repelled          |       |     4 |     1 ||     5

Table legend: (Time is in decaauts)
 A = Elapsed time spent in this place.
 B = Non-inter-level travel time spent in this place.
 C = Inter-level travel time spent in this place.
 D = Time resting spent in this place.
 E = Time spent auto-exploring this place.
 F = Levels seen in this place.
 G = Mean time per level.
                   A        B        C        D        E       F      G
               +--------+--------+--------+--------+--------+-----+--------+
         Total |   4342 |   4139 |    203 |    386 |   2364 |   5 |  868.4 |
       Dungeon |   4342 |   4139 |    203 |    386 |   2364 |   5 |  868.4 |
               +--------+--------+--------+--------+--------+-----+--------+

Top non-repeatable levels by time:
     D:4: 1113 daAuts
     D:2: 1038 daAuts
     D:1: 1001 daAuts
     D:5: 633 daAuts
     D:3: 557 daAuts
